 Dungeon Crawl Stone Soup version 0.26-a0-707-g31817bcca1 (webtiles) character file.

Game seed: 9944039849389774519

113 Zeldest the Chopper (level 4, -2/35 HPs)
             Began as a Mummy Gladiator on Oct 27, 2020.
             Slain by an iguana (4 damage)
             ... on level 5 of the Dungeon.
             The game lasted 00:06:18 (1386 turns).

Zeldest the Chopper (Mummy Gladiator)               Turns: 1386, Time: 00:06:19

Health: -2/35      AC:  8    Str: 18    XL:     4   Next: 65%
Magic:  4/4        EV: 10    Int:  7    God:
Gold:   107        SH:  0    Dex: 13    Spells: 3/3 levels left

rFire    . . .     SeeInvis +   a - +0 war axe
rCold    + . .     Faith    .   (no shield)
rNeg     + + +     Spirit   .   h - +0 scale mail
rPois    ∞         Reflect  .   c - +0 helmet
rElec    .         Harm     .   (no cloak)
rCorr    .         Rampage  .   n - +0 pair of gloves (curse)
MR       .....                  (no boots)
Stlth    ..........             (no amulet)
HPRegen  0.11/turn              b - ring of see invisible
MPRegen  0.09/turn              l - ring of protection from fire

@: no status effects
A: no potions, fire vulnerability, cold resistance 1, negative energy resistance
3, torment resistance, unbreathing
a: no special abilities


You were on level 5 of the Dungeon.
You visited 1 branch of the dungeon, and saw 5 of its levels.

You collected 107 gold pieces.

Inventory:

Hand Weapons
 a - a +0 war axe (weapon)
 e - a +2 dagger of venom
Missiles
 d - 3 throwing nets (quivered)
Armour
 c - a +0 helmet (worn)
 h - a +0 scale mail (worn)
 n - a cursed +0 pair of gloves (worn)
Jewellery
 b - a ring of see invisible (left hand)
 l - a ring of protection from fire (right hand)
 o - an uncursed ring of flight
Wands
 j - a wand of random effects (15)
Scrolls
 f - a scroll of identify
 i - a scroll of magic mapping
 k - a scroll of remove curse
 m - 2 scrolls of enchant armour


   Skills:
 + Level 3.0 Fighting
 * Level 3.7 Axes
 - Level 1.5 Throwing
 + Level 1.1 Armour
 - Level 2.4 Dodging


You had 3 spell levels left.
You didn't know any spells.
Your spell library was empty.

Dungeon Overview and Level Annotations

Branches:
Dungeon (5/15)
 Temple: D:4-7

Altars:
Ru
Wu Jian
Xom

Annotations:
D:4 Grinder


Innate Abilities, Weirdness & Mutations

You do not drink.
Your flesh is vulnerable to fire.
You are immune to poison.
Your flesh is cold resistant. (rC+)
You are immune to negative energy. (rN+++)
You are immune to unholy pain and torment.
You can survive without breathing.


Message History

There is a stone staircase leading up here.
A jackal comes into view.
A giant cockroach comes into view.
The jackal barks!
You hear a bark!
You barely miss the iguana. The iguana bites you!
You hit the iguana.
The iguana is lightly wounded.
The iguana barely misses you. The iguana bites you!
* * * LOW HITPOINT WARNING * * *
The jackal barely misses you.
You closely miss the iguana.
The iguana is lightly wounded.
You slash the jackal!
You kill the jackal!
The iguana bites you.
* * * LOW HITPOINT WARNING * * *
You hit the iguana.
The iguana is heavily wounded.
The iguana bites you.
You die...

#.≈≈≈.
....
#≈...≈
...#
#≈._.≈
...#
#≈...≈
...#
#.≈≈≈.
...#
#.....#..
#...#.#
#.#@<#
#l###
#...B..B#
#...(...#
..##..###
##. .. ..
...


You could see an iguana and a giant cockroach.

Vanquished Creatures
  A hound (D:4)
  An adder (D:4)
  A white imp (D:4)
  2 oozes
  2 worms (D:2)
  2 dart slugs (D:1)
  A leopard gecko (D:1)
  An orc (D:3)
  6 bats
  4 giant cockroaches
  11 goblins
  2 hobgoblins
  4 jackals
  2 ball pythons (D:3)
  2 frilled lizards (D:1)
  2 kobolds (D:1)
  4 rats
48 creatures vanquished.

Notes
Turn   | Place    | Note
-------+----------+-------------------------------------------
     0 | D:1      | Zeldest the Mummy Gladiator began the quest for the Orb.
     0 | D:1      | Reached XP level 1. HP: 16/16 MP: 1/1
   208 | D:1      | Reached XP level 2. HP: 22/22 MP: 2/2
   375 | D:2      | Reached XP level 3. HP: 25/28 MP: 3/3
   399 | D:2      | Found an ornate altar of the Wu Jian Council.
  1001 | D:4      | Reached skill level 1 in Armour
  1001 | D:4      | Reached XP level 4. HP: 32/34 MP: 4/4
  1060 | D:4      | Noticed Grinder
  1302 | D:5      | Entered Level 5 of the Dungeon
  1302 | D:5      | Found a shimmering altar of Xom.
  1302 | D:5      | Noticed an ogre
  1379 | D:5      | Found a sacrificial altar of Ru.
  1386 | D:5      | Slain by an iguana

Illustrated notes

Levels and vault maps discovered:
D:1:      sevenhm_arrival_forest_fort_small_5, layout_loops_ring
D:2:      minmay_spotlight, layout_basic, overflow_temple_1_default,
          lemuel_round_altar, serial_glass, glass_columns_c, glass_columns_b,
          uniq_robin
D:3:      layout_basic
D:4:      minmay_goblin_kobold_castle, layout_basic, kennysheep_boxes,
          uniq_grinder
D:5:      layout_rooms, nicolae_ru_awakened_eye,
          gammafunk_temple_overflow_pools, minmay_temple_entry_trees,
          xom_confusion_cloud

Skill      XL: |  1  2  3  4 |
---------------+-------------+-----
Axes           | 3 |  3.7
Armour         | 1 |  1.1
Fighting       | 3 |  3.0
Throwing       | |  1.5
Dodging        | |  2.4

Action                   |  1- 3 |  4- 6 || total
-------------------------+-------+-------++-------
Melee: War axe           |   100 |    50 ||   150
  Use: Scroll            |     4 |     1 ||     5
Armor: Leather armour    |     2 |       ||     2
       Ring mail         |     1 |       ||     1
       Scale mail        |    41 |    25 ||    66
Dodge: Dodged            |    74 |    35 ||   109

Table legend: (Time is in decaauts)
 A = Elapsed time spent in this place.
 B = Non-inter-level travel time spent in this place.
 C = Inter-level travel time spent in this place.
 D = Time resting spent in this place.
 E = Time spent auto-exploring this place.
 F = Levels seen in this place.
 G = Mean time per level.
                   A        B        C        D        E       F      G
               +--------+--------+--------+--------+--------+-----+--------+
         Total |   1437 |   1406 |     31 |      0 |     46 |   5 |  287.4 |
       Dungeon |   1437 |   1406 |     31 |      0 |     46 |   5 |  287.4 |
               +--------+--------+--------+--------+--------+-----+--------+

Top non-repeatable levels by time:
     D:3: 525 daAuts
     D:1: 362 daAuts
     D:4: 323 daAuts
     D:2: 215 daAuts
     D:5: 11 daAuts
